 Dungeon Crawl Stone Soup version 0.19.1 (webtiles) character file.

12391 Host24 the Slicer (level 12, -14/84 HPs)
             Began as a Kobold Assassin on Dec 24, 2016.
             Was a High Priest of Dithmenos.
             Blown up by randomNumberGod's ghost (38 damage)
             ... with a wavering orb of destruction
             ... on level 2 of the Orcish Mines.
             The game lasted 00:37:22 (12335 turns).

Host24 the Slicer (Kobold Assassin)                Turns: 12335, Time: 00:37:23

Health: -14/84     AC:  5    Str:  8    XL:     12   Next: 19%
Magic:  12/12      EV: 29    Int: 12    God:    Dithmenos [*****.]
Gold:   994        SH:  0    Dex: 26    Spells: 0 memorised, 11 levels left

rFire  . . .     SeeInvis +     Z - +6 rapier of Earthquakes {drain, rElec Dex+4}
rCold  . . .     Gourm    .     c - +0 robe
rNeg   . . .     Faith    .     (shield restricted)
rPois  +         Spirit   .     (helmet restricted)
rElec  +         Reflect  .     d - +0 cloak
rCorr  .         Harm     .     i - +0 pair of gloves
MR     .....     Clarity  +     R - +0 pair of boots
Stlth  ++++++++..               (no amulet)
                                (no ring)
                                a - ring of see invisible

@: wreathed by umbra
A: antennae 1, carnivore 3, clarity, poison resistance
a: Shadow Step, Shadow Form, Renounce Religion


You were on level 2 of the Orcish Mines.
You worshipped Dithmenos.
Dithmenos was extremely pleased with you.
You were completely stuffed.

You visited 3 branches of the dungeon, and saw 13 of its levels.
You also visited: Sewer.

You collected 994 gold pieces.

Inventory:

Hand Weapons
 b - a +0 blowgun
 Z - the +6 rapier of Earthquakes (weapon) {drain, rElec Dex+4}
   (You found it on level 8 of the Dungeon)

   A truly terrible weapon, it drains the life of those it strikes.
   It affects your dexterity (+4).
   It insulates you from electricity.
Missiles
 e - 7 poisoned needles
 f - 2 curare-tipped needles
 h - 82 sling bullets
 l - 307 stones (quivered)
 r - 95 bolts
 w - 7 tomahawks
 x - 162 arrows
 E - 2 throwing nets
 Q - 6 tomahawks of returning
Armour
 c - a +0 robe (worn)
 d - a +0 cloak (worn)
 i - a +0 pair of gloves (worn)
 n - a +0 robe of cold resistance
 R - a +0 pair of boots (worn)
Jewellery
 a - a ring of see invisible (left hand)
 m - an uncursed ring of poison resistance
Wands
 D - a wand of iceblast (5/15)
 J - a wand of lightning (5/15)
 O - a wand of acid (5/15)
 X - a wand of digging (10/24)
 Y - a wand of enslavement (13/24)
Scrolls
 j - 5 scrolls of amnesia {unknown}
 p - 3 scrolls of noise {unknown}
 s - 6 scrolls of identify
 t - a scroll of remove curse {unknown}
 u - a scroll of holy word {unknown}
 v - 5 scrolls of random uselessness {unknown}
 y - 2 scrolls of enchant weapon {unknown}
 z - 3 scrolls of enchant armour {unknown}
 A - 3 scrolls of immolation
 G - 5 scrolls of magic mapping {unknown}
 H - 6 scrolls of teleportation {unknown}
 K - 2 scrolls of fog {unknown}
 N - a scroll of blinking {unknown}
 P - a scroll of vulnerability {unknown}
 S - 3 scrolls of fear {unknown}
 T - a scroll of recharging {unknown}
 V - a scroll of summoning {unknown}
Potions
 k - a potion of might
 q - 6 potions of curing
 B - 2 potions of flight
 C - a potion of resistance {unknown}
 L - a potion of lignification
 M - 2 potions of cure mutation
 U - 2 potions of agility
 W - a potion of cancellation
Comestibles
 g - 3 meat rations
 o - 5 beef jerkies
 F - 2 slices of pizza


   Skills:
 - Level 13.0 Fighting
 - Level 13.0 Short Blades
 - Level 2.1 Throwing
 + Level 12.6 Dodging
 - Level 8.4 Stealth


You had 11 spell levels left.
You didn't know any spells.

Dungeon Overview and Level Annotations

Branches:
Dungeon (10/15)            Temple (1/1) D:5            Lair (0/6) D:10
    Orc (2/2) D:9
    Elf: Orc:2

Altars:
Ashenzari
Cheibriados
Dithmenos
Elyvilon
Fedhas
Gozag
Hepliaklqana
Kikubaaqudgha
Makhleb
Nemelex Xobeh
Okawaru
Qazlal
Ru
Sif Muna
Trog
Uskayaw
Vehumet
Xom
Yredelemnul
Zin
The Shining One
Beogh

Shops:
D:5 [   Orc:2 [*

Annotations:
D:3 Natasha, Purgy, Sigmund
Orc:2 randomNumberGod's ghost, journeyman DECj


Innate Abilities, Weirdness & Mutations

You are small and have problems with some larger weapons.
You are carnivorous and can eat meat at any time.
You have a pair of small antennae on your head.
You possess an exceptional clarity of mind.
Your system is resistant to poisons. (rPois)


Message History

Okay, then.
You feel much better.
As you read the scroll labeled PUATWE GYEHOOL, it crumbles to dust.
Dithmenos forgives your accidental fire-starting, just this once.
The creatures around you are filled with an inner flame!
It was a scroll of immolation.
RandomNumberGod's ghost conjures an orb of pure magic.
An orb of destruction comes into view.
Okay, then.
Press: ? - help, v - describe, . - travel
Here: an orb of destruction (magical condensation, umbra)
The floor.
RandomNumberGod's ghost points at you and mumbles some strange words.
The ball explodes into a vile cloud!
The stinking cloud engulfs you!
The stinking cloud engulfs randomNumberGod's ghost.
RandomNumberGod's ghost appears unharmed.
The battlesphere fires!
The barrage of energy hits you!
* * * LOW HITPOINT WARNING * * *
The wavering orb of destruction hits you!
You die...

#..⌠.)))........##≈≈≈≈≈≈≈≈≈≈≈≈
#.....#.........###≈≈≈≈≈≈≈≈≈≈≈≈
#.....#..........♣.≈≈≈≈≈#≈≈≈#≈#
#######.............≈≈≈## ≈≈≈#
#.................♣...≈# ≈≈#
..........).....§§§§P♣#####≈#
..........##....§§§§## #≈≈##
...)......###.*W§§§######≈≈≈#
.)<).....##...#§@§§§..♣#≈≈≈##
.)....W###.....§§§§§......≈≈#
......#####....§.§§§.......##
......##.##............##.##
.....##..#.#..........##.##
#...#...#.######.....#####
##.....####.##....#'## #.....#
##....###.# ##.....# #.....##.#


You could see a battlesphere and randomNumberGod's ghost (inner flame).

Vanquished Creatures
  An unseen horror (D:10)
  3 orc knights (Orc:2)
  5 orc sorcerers
  Joseph (D:10)
  Psyche (D:8)
  2 trolls
  A polar bear (D:10)
  A hippogriff (D:10)
  2 yaks (D:10)
  A hungry ghost (D:9)
  A water moccasin (D:8)
  A warg (Orc:2)
  Edmund (D:4)
  A sky beast (D:9)
  An eye of draining (D:10)
  4 ice beasts
  A phantom (D:9)
  11 orc warriors
  12 ogres
  4 centaurs
  2 crocodiles
  A big kobold (Sewer)
  2 bullfrogs
  A hornet simulacrum (D:10)
  10 wights
  A scorpion (D:9)
  5 killer bees (D:8)
  A howler monkey (D:6)
  5 crimson imps
  2 quasits (D:9)
  A centaur skeleton (D:10)
  10 orc priests
  2 bullfrog skeletons
  20 orc wizards
  6 hounds
  A jelly (D:8)
  Ijyb (D:3)
  Jessica (D:2)
  3 iguanas
  8 worker ants
  A hound skeleton (D:6)
  A howler monkey zombie (D:6)
  4 gnolls (D:7)
  8 adders
  A river rat (Sewer)
  4 shadow imps
  A white imp (D:10)
  A worker ant simulacrum (D:10)
  An ufetubus (D:10)
  5 oozes
  An adder zombie (D:6)
  2 adder skeletons
  2 worms
  2 dart slugs (D:1)
  8 leopard geckos
  59 orcs
  3 giant cockroaches
  4 goblins
  6 hobgoblins
  10 jackals
  12 kobolds
  8 quokkas
  4 ball pythons
  10 bats
  2 frilled lizards
  A jackal zombie (D:7)
  A leopard gecko zombie (D:6)
  3 quokka skeletons
  A quokka zombie (D:8)
  17 rats
321 creatures vanquished.

Vanquished Creatures (others)
  A sky beast (D:10)
1 creature vanquished.

Grand Total: 322 creatures vanquished

Notes
Turn   | Place    | Note
-------+----------+-------------------------------------------
     0 | D:1      | Host24 the Kobold Assassin began the quest for the Orb.
     0 | D:1      | Reached XP level 1. HP: 12/12 MP: 1/1
   531 | D:1      | Reached XP level 2. HP: 17/17 MP: 2/2
  1040 | D:1      | Reached XP level 3. HP: 22/22 MP: 3/3
  1306 | D:2      | Noticed Jessica
  1310 | D:2      | Killed Jessica
  1310 | D:2      | Reached XP level 4. HP: 29/29 MP: 4/4
  2197 | D:3      | Reached XP level 5. HP: 33/33 MP: 5/5
  2198 | D:3      | Noticed Ijyb
  2201 | D:3      | Killed Ijyb
  2365 | D:3      | Found a glowing golden altar of the Shining One.
  2482 | D:3      | Noticed Purgy
  2485 | D:3      | Noticed Natasha
  2485 | D:3      | Noticed Sigmund
  2641 | D:4      | Reached XP level 6. HP: 23/38 MP: 6/6
  2818 | D:4      | Noticed Edmund
  2836 | D:4      | Killed Edmund
  3059 | D:4      | Reached skill level 10 in Fighting
  3059 | D:4      | Reached XP level 7. HP: 22/53 MP: 7/7
  3364 | D:4      | Reached XP level 8. HP: 54/59 MP: 8/8
  4011 | D:5      | Entered Level 5 of the Dungeon
  4270 | D:5      | Found Tyilum's Antique Armour Emporium.
  4328 | D:5      | Found a radiant altar of Vehumet.
  4328 | D:5      | Found a staircase to the Ecumenical Temple.
  4611 | Temple   | Entered the Ecumenical Temple
  4708 | Temple   | Became a worshipper of Dithmenos the Shadowed
  5535 | D:6      | Found a glowing drain.
  5539 | Sewer    | Entered a sewer
  5907 | Sewer    | Reached * piety under Dithmenos
  6082 | Sewer    | Gained mutation: You have a pair of small antennae on your head. [potion of mutation]
  6082 | Sewer    | Gained mutation: Your system is resistant to poisons. (rPois) [potion of mutation]
  6082 | Sewer    | Gained mutation: You possess an exceptional clarity of mind. [potion of mutation]
  6150 | D:6      | Reached XP level 9. HP: 63/63 MP: 9/9
  7029 | D:7      | Found a blossoming altar of Fedhas.
  7277 | D:7      | Reached ** piety under Dithmenos
  7493 | D:7      | You fall through a shaft for 2 floors!
  7957 | D:8      | Got a translucent rapier
  8121 | D:8      | Identified the +6 rapier of Earthquakes {drain, rElec Dex+4} (You found it on level 8 of the Dungeon)
  8183 | D:8      | Reached *** piety under Dithmenos
  8205 | D:8      | Noticed Psyche
  8209 | D:8      | Killed Psyche
  8209 | D:8      | Reached XP level 10. HP: 57/70 MP: 10/10
  8356 | D:8      | Found an ancient bone altar of Kikubaaqudgha.
  8899 | D:7      | Found a white marble altar of Elyvilon.
  9240 | D:9      | Reached **** piety under Dithmenos
  9385 | D:9      | Found a sparkling altar of Nemelex Xobeh.
  9560 | D:9      | Found a staircase to the Orcish Mines.
  9871 | D:9      | Got a warped leather armour
  9873 | D:9      | Identified the +0 leather armour of Tirecki {+Inv rPois} (You found it on level 9 of the Dungeon)
 10007 | D:10     | Entered Level 10 of the Dungeon
 10040 | D:10     | Noticed Joseph
 10061 | D:10     | Reached skill level 10 in Dodging
 10076 | D:10     | Killed Joseph
 10076 | D:10     | Reached XP level 11. HP: 48/76 MP: 0/11
 10397 | D:10     | Found a staircase to the Lair.
 10549 | D:10     | Noticed a hill giant
 10550 | D:10     | Found an iron altar of Okawaru.
 10550 | D:10     | Noticed an unseen horror
 10579 | D:10     | Killed an unseen horror
 10779 | D:10     | Reached ***** piety under Dithmenos
 10828 | D:10     | Noticed a cyclops
 11094 | Orc:1    | Entered Level 1 of the Orcish Mines
 11284 | Orc:1    | Noticed an orc sorcerer
 11292 | Orc:1    | Killed an orc sorcerer
 11470 | Orc:2    | Entered Level 2 of the Orcish Mines
 11576 | Orc:2    | Noticed randomNumberGod's ghost (journeyman DECj)
 11598 | Orc:2    | Found a roughly hewn altar of Beogh.
 11710 | Orc:2    | Noticed an orc sorcerer
 11710 | Orc:2    | Noticed an orc knight
 11723 | Orc:2    | Killed an orc sorcerer
 11749 | Orc:2    | Killed an orc knight
 11811 | Orc:2    | Noticed an orc sorcerer
 11812 | Orc:2    | Noticed an orc sorcerer
 11814 | Orc:2    | Killed an orc sorcerer
 11815 | Orc:2    | Killed an orc sorcerer
 11838 | Orc:2    | Found Orronaps's Antique Armour Emporium.
 11838 | Orc:2    | Noticed an orc knight
 11838 | Orc:2    | Noticed an orc sorcerer
 11854 | Orc:2    | Killed an orc sorcerer
 11854 | Orc:2    | Reached XP level 12. HP: 60/84 MP: 12/12
 11958 | Orc:2    | Found Riprow's Assorted Antiques.
 12335 | Orc:2    | Blown up by randomNumberGod's ghost

Skill      XL: |  1  2  3  4  5  6  7  8  9 10 11 |
---------------+----------------------------------+-----
Short Blades   | 3 11 12 13 | 13.0
Fighting       | 4 10 11 12 13 | 13.0
Dodging        | 3 4 6 7 8 10 12 | 12.6
Stealth        | 6 8 |  8.4
Throwing       | |  2.1

Action                   |  1- 3 |  4- 6 |  7- 9 | 10-12 || total
-------------------------+-------+-------+-------+-------++-------
Melee: Dagger            |    98 |   210 |   617 |       ||   925
       Rapier            |       |       |    30 |   492 ||   522
 Fire: Blowgun           |       |     1 |    26 |       ||    27
  Use: Potion            |       |     5 |    10 |     1 ||    16
       Scroll            |       |       |     3 |     5 ||     8
 Stab: Sleeping          |     7 |    13 |    18 |    23 ||    61
       Distracted        |       |       |     1 |     4 ||     5
  Eat: Chunk             |    10 |     3 |    19 |    16 ||    48
Armor: Robe              |    39 |    20 |    31 |    17 ||   107
Dodge: Dodged            |    77 |   118 |   336 |   325 ||   856
